 Dungeon Crawl Stone Soup version 0.24-a0-416-g56ce5178b7 (webtiles) character file.

Game seed: 12296765978857367990

32 Defined the Chucker (level 3, -1/27 HPs)
             Began as a Vampire Hunter on June 8, 2019.
             Slain by a gnoll
             ... wielding a +0 spear
              (8 damage)
             ... on level 2 of the Dungeon.
             The game lasted 00:06:22 (965 turns).

Defined the Chucker (Vampire Hunter)                 Turns: 965, Time: 00:06:23

Health: -1/27      AC:  5    Str:  9 (12) XL:     3   Next: 10%
Magic:  3/3        EV:  5    Int: 12 (13) God:
Gold:   82         SH:  9    Dex: 11 (14) Spells: 2/2 levels left

rFire    . . .     SeeInvis +   f - +0 dagger
rCold    + . .     Gourm    .   k - +0 large shield
rNeg     . . .     Faith    .   i - +0 ring mail {rC+}
rPois    .         Spirit   .   (no helmet)
rElec    .         Reflect  .   (no cloak)
rCorr    .         Harm     .   (no gloves)
MR       .....                  (no boots)
Stlth    +.........             (no amulet)
HPRegen  0.29/turn              (no ring)
MPRegen  0.08/turn              (no ring)

@: regenerating quickly
A: no food, fangs 3, see invisible, unbreathing
a: Exsanguinate


You were on level 2 of the Dungeon.
You were alive.

You visited 1 branch of the dungeon, and saw 2 of its levels.

You collected 82 gold pieces.

Inventory:

Hand Weapons
 a - a +0 short sword
 f - a +0 dagger (weapon)
 n - a +0 broad axe
Missiles
 c - 6 javelins (quivered)
 d - 2 throwing nets
 m - 3 boomerangs
Armour
 b - a +0 leather armour
 i - a +0 ring mail of cold resistance (worn)
 k - a +0 large shield (worn)
Scrolls
 e - a scroll of fog {unknown}
 h - a scroll of identify {unknown}
 j - a scroll of amnesia {unknown}
 l - a scroll of blinking {unknown}
Potions
 g - a potion of magic {unknown}


   Skills:
 + Level 2.1 Fighting
 + Level 0.8 Short Blades
 + Level 3.4 Throwing
 - Level 0.1 Armour
 + Level 2.4 Dodging
 * Level 3.0 Stealth
 + Level 0.2 Shields


You had 2 spell levels left.
You didn't know any spells.
Your spell library was empty.

Dungeon Overview and Level Annotations

Branches:
Dungeon (2/15)

Altars:
Fedhas


Innate Abilities, Weirdness & Mutations

You do not eat.
Your natural rate of healing is unusually fast.
You have razor-sharp teeth.
You have supernaturally acute eyesight. (SInv)
You can survive without breathing.


Message History

You block the gnoll's attack.
Your shield and ring mail prevent you from hitting the gnoll.
The gnoll is lightly wounded.
The gnoll barely misses you. You block the gnoll's attack. x2
You hit the gnoll.
The gnoll is moderately wounded.
A gnoll comes into view. It is wielding a +0 whip.
The gnoll hits you with a +0 halberd of freezing!
Ouch! That really hurt!
The gnoll freezes you. You block the gnoll's attack.
The gnoll shouts!
Keep bloodletting? [Y]es or [N]o only, please.
Keep bloodletting?
The gnoll hits you with a +0 halberd of freezing.
* * * LOW HITPOINT WARNING * * *
The gnoll barely misses you.
You begin bloodletting.
You continue bloodletting.
The gnoll hits you from afar with a +0 spear!
You die...

##########
#..gg@g..####
#.#####.....#######
###....>......(
.........#######
#####.#..# #.#..#
#.#..# #....#
###### ######.#..#
#..!..


You could see 3 gnolls.

Vanquished Creatures
  An adder (D:2)
  2 dart slugs (D:2)
  An orc (D:2)
  A giant cockroach (D:2)
  A goblin (D:2)
  2 hobgoblins
  3 kobolds (D:1)
  3 bats
  2 frilled lizards (D:1)
  5 rats
21 creatures vanquished.

Notes
Turn   | Place    | Note
-------+----------+-------------------------------------------
     0 | D:1      | Defined the Vampire Hunter began the quest for the Orb.
     0 | D:1      | Reached XP level 1. HP: 16/16 MP: 1/1
   204 | D:1      | Reached XP level 2. HP: 22/22 MP: 2/2
   722 | D:2      | Reached XP level 3. HP: 8/27 MP: 3/3
   913 | D:2      | Found a blossoming altar of Fedhas.
   965 | D:2      | Slain by a gnoll

Levels and vault maps discovered:
D:1:      nicolae_arrival_washed_ashore, layout_rooms, interstate_on_off
D:2:      layout_basic, minmay_misc_feat_room, fedhas_altar_1

Skill      XL: |  1  2 |
---------------+-------+-----
Stealth        | 2 3 |  3.0
Fighting       | 2 |  2.1
Short Blades   | |  0.8
Throwing       | |  3.4
Armour         | |  0.1
Dodging        | |  2.4
Shields        | |  0.2

Action                   || total
-------------------------++-------
Melee: Short sword       ||    12
       Dagger            ||    97
       Bite              ||     5
 Abil: Exsanguinate      ||     1
  Use: Potion            ||     3
Armor: Leather armour    ||    14
       Skin              ||    13
       Ring mail         ||     3
Dodge: Dodged            ||    29
Block: Large shield      ||    52

Table legend:
 A = Non-vault XP
 B = Vault XP
 C = Vault XP percentage of total XP
 D = Non-vault monster count
 E = Vault monster count
 F = Vault count percentage of total count
                 A         B        C        D         E       F
            +---------+---------+-------+---------+---------+-------
      Total |      47 |       0 |   0.0 |      21 |       0 |   0.0
            +---------+---------+-------+---------+---------+-------
        D:1 |      15 |       0 |   0.0 |      12 |       0 |   0.0
        D:2 |      32 |       0 |   0.0 |       9 |       0 |   0.0
            +---------+---------+-------+---------+---------+-------
